 Dungeon Crawl Stone Soup version 0.21.1-1-g345015fe64 (webtiles) character file.

62 Brecoman the Cudgeler (level 4, -1/42 HPs)
             Began as a Gargoyle Fighter on June 16, 2018.
             Slain by an adder (2 damage)
             ... on level 1 of the Dungeon.
             The game lasted 00:07:01 (1163 turns).

Brecoman the Cudgeler (Gargoyle Fighter)            Turns: 1163, Time: 00:07:01

Health: -1/42      AC: 22    Str: 21    XL:     4   Next: 8%
Magic:  4/4        EV:  2    Int:  8    God:
Gold:   102        SH:  9    Dex:  9    Spells: 3/3 levels left

rFire    . . .     SeeInvis .   a - +0 flail
rCold    . . .     Gourm    .   c - +0 shield
rNeg     + + +     Faith    .   (armour currently unavailable)
rPois    ∞         Spirit   .   (helmet currently unavailable)
rElec    .         Reflect  .   (cloak currently unavailable)
rCorr    .         Harm     .   (gloves currently unavailable)
MR       .....     NoTele   +   (boots currently unavailable)
Stlth    +.........             (no amulet)
HPRegen  0.14/turn              (no ring)
MPRegen  0.09/turn              (no ring)

@: tree-form
A: negative energy resistance 1, petrification resistance, rot immunity, AC +3
a: no special abilities


You were on level 1 of the Dungeon.
You were not hungry.
You were a tree.
You visited 1 branch of the dungeon, and saw 2 of its levels.

You collected 102 gold pieces.

Inventory:

Hand Weapons
 a - a +0 flail (weapon)
Missiles
 e - 67 stones (quivered)
Armour
 b - a +0 scale mail (melded)
 c - a +0 shield (worn)
Scrolls
 d - a scroll of noise {unknown}
 h - a scroll of random uselessness {unknown}
 i - a scroll of teleportation
Potions
 k - a potion of agility {unknown}
 m - 2 potions of curing {unknown}
 n - a potion of magic {unknown}
 p - a potion of haste {unknown}
Comestibles
 f - 2 rations
 g - 7 chunks of flesh


   Skills:
 - Level 3.3 Fighting
 + Level 4.2 Maces & Flails
 - Level 3.3 Armour
 - Level 3.3 Shields


You had 3 spell levels left.
You didn't know any spells.

Dungeon Overview and Level Annotations

Branches:
Dungeon (2/15)

Altars:


Innate Abilities, Weirdness & Mutations

You are resistant to torment.
((Your stone body is resilient. (AC +3)))
You are immune to poison.
You resist negative energy. (rN+)
((You are resistant to electric shocks. (rElec)))
((You can survive without breathing.))
You are immune to petrification.
You are immune to rotting.


Message History

* * * LOW HITPOINT WARNING * * *
The adder bites you but does no damage.
You hit the adder.
The adder is heavily wounded.
The adder bites you but does no damage.
You miss the adder.
The adder is heavily wounded.
You block the adder's attack.
You barely miss the adder.
The adder is heavily wounded.
You block the adder's attack. The adder bites you but does no damage.
You miss the adder.
The adder is heavily wounded.
The adder bites you.
* * * LOW HITPOINT WARNING * * *
You turn into a tree.
Your +0 scale mail melds into your body.
Your roots penetrate the ground.
The adder bites you but does no damage. The adder bites you.
You die...

##.####.##.....)..#
# #.# #.##......###
### #.# #.##......#
##.. #.#
#.##......# +...
#.# #.#...#####
##.. #.####.#...#
### #......+...# #
######.#..S######
## #...♣....... #.
####.####### ##
#.######### #
#.........#
#########.#
#.......########
#.#######.......
#.....###.......
#.....'.'.......


You could see an adder.

Vanquished Creatures
  An adder (D:2)
  An ooze (D:1)
  A dart slug (D:1)
  A leopard gecko (D:1)
  8 bats
  4 giant cockroaches
  8 goblins
  4 hobgoblins (D:1)
  3 jackals (D:1)
  5 kobolds
  2 rats
38 creatures vanquished.

Notes
Turn   | Place    | Note
-------+----------+-------------------------------------------
     0 | D:1      | Brecoman the Gargoyle Fighter began the quest for the Orb.
     0 | D:1      | Reached XP level 1. HP: 14/14 MP: 1/1
   209 | D:1      | Reached XP level 2. HP: 14/19 MP: 2/2
   434 | D:1      | Reached skill level 3 in Maces & Flails
   485 | D:1      | Reached XP level 3. HP: 21/23 MP: 3/3
  1035 | D:2      | Reached skill level 4 in Maces & Flails
  1079 | D:2      | Reached XP level 4. HP: 9/28 MP: 4/4
  1162 | D:1      | HP: 1/28 [adder (1)]
  1163 | D:1      | Slain by an adder

Skill      XL: |  1  2  3 |
---------------+----------+-----
Maces & Flails | 3 4 |  4.2
Fighting       | |  3.3
Armour         | |  3.3
Shields        | |  3.3

Action                   |  1- 3 |  4- 6 || total
-------------------------+-------+-------++-------
Melee: Flail             |   134 |    35 ||   169
  Use: Scroll            |     5 |       ||     5
       Potion            |     1 |     1 ||     2
  Eat: Chunk             |     1 |       ||     1
Armor: Scale mail        |   111 |    34 ||   145
       Skin              |       |     1 ||     1
Dodge: Dodged            |    64 |    20 ||    84
Block: Shield            |    86 |    20 ||   106
